TOP OF THE 1ST |
Kane County Cougars batting - Pitching for Atlanta (MID) Braves : RHP Mokichi Furuta
|
Pitching: RHP Mokichi Furuta
|
|
Batting: RHB Franklin Villanueva
|
0-0: Ball 1-0: Ground out 3-1 (Groundball, 3L, EV 100.6 MPH)
|
Batting: LHB T.J. Duvall
|
0-0: Foul Ball, location: 2F 0-1: Swinging Strike 0-2: Strikes out looking
|
Batting: LHB Kevin Ferguson
|
0-0: SINGLE (Groundball, 4MD, EV 105.0 MPH)
|
Batting: RHB Dave Vargas
|
0-0: Called Strike Kevin Ferguson steals 2nd base 0-1: Ball 1-1: Foul Ball, location: 2F 1-2: Ball 2-2: Ball 3-2: SINGLE (Line Drive, 4D, EV 94.4 MPH) Kevin Ferguson to third Runner from 3rd tries for Home, SAFE, throw by CF to home Dave Vargas to second
|
Batting: RHB Marlon Reda
|
0-0: Called Strike 0-1: Ground out 4-3 (Groundball, 4, EV 76.9 MPH)
|
Top of the 1st over - 1 run, 2 hits, 0 errors, 1 left on base; Kane County 1 - Atlanta (MID) 0 |
BOTTOM OF THE 1ST |
Atlanta (MID) Braves batting - Pitching for Kane County Cougars : RHP Nate Machado
|
Pitching: RHP Nate Machado
|
|
Batting: SHB Richello Badua
|
0-0: Ball 1-0: Called Strike 1-1: Foul Ball, location: 2F 1-2: Ground out 5-3 (Groundball, 5S, EV 62.5 MPH)
|
Batting: LHB Tommy Williams
|
0-0: Ball 1-0: Called Strike 1-1: Ground out 6-3 (Groundball, 6, EV 82.5 MPH)
|
Batting: LHB Bobby Upton
|
0-0: Ball 1-0: Called Strike 1-1: Ball 2-1: Ground out 4-3 (Groundball, 4M, EV 85.6 MPH)
|
Bottom of the 1st over - 0 runs, 0 hits, 0 errors, 0 left on base; Kane County 1 - Atlanta (MID) 0 |
TOP OF THE 2ND |
Kane County Cougars batting - Pitching for Atlanta (MID) Braves : RHP Mokichi Furuta
|
Batting: RHB Matt Maxwell
|
0-0: SINGLE (Groundball, 56D, EV 111.9 MPH)
|
Batting: RHB John Pena
|
0-0: Ball 1-0: SINGLE (Groundball, 4MD, EV 98.1 MPH) Matt Maxwell to second
|
Batting: RHB Curt Barrett
|
0-0: Called Strike 0-1: Foul Ball, location: 2F 0-2: Foul Ball, location: 2F 0-2: Fielders Choice at 2nd, 3-6 (Groundball, 34S, EV 86.2 MPH) Matt Maxwell to third
|
Batting: LHB Brian Nielsen
|
0-0: Ball 1-0: Foul Ball, location: 2F 1-1: Ball 2-1: Foul Ball, location: 2F 2-2: Strikes out swinging
|
Batting: RHB Franklin Villanueva
|
0-0: Foul Ball, location: 2F 0-1: Ball 1-1: Called Strike 1-2: Strikes out swinging
|
Top of the 2nd over - 0 runs, 2 hits, 0 errors, 2 left on base; Kane County 1 - Atlanta (MID) 0 |
BOTTOM OF THE 2ND |
Atlanta (MID) Braves batting - Pitching for Kane County Cougars : RHP Nate Machado
|
Batting: RHB Xavier Davis
|
0-0: Ball 1-0: Ball 2-0: Called Strike 2-1: Ball 3-1: Called Strike 3-2: Foul Ball, location: 2F 3-2: Base on Balls
|
Batting: RHB Corey Dalton
|
0-0: Ball 1-0: Swinging Strike 1-1: Ball 2-1: Grounds into double play, 4-6-3 (Groundball, 4, EV 104.4 MPH)
|
Batting: RHB Mike Shook
|
0-0: Called Strike 0-1: Ball 1-1: Ball 2-1: Swinging Strike 2-2: Strikes out swinging
|
Bottom of the 2nd over - 0 runs, 0 hits, 0 errors, 0 left on base; Kane County 1 - Atlanta (MID) 0 |
TOP OF THE 3RD |
Kane County Cougars batting - Pitching for Atlanta (MID) Braves : RHP Mokichi Furuta
|
Batting: LHB T.J. Duvall
|
0-0: Swinging Strike 0-1: Ball 1-1: Reached on error, E4 (Groundball, 4, EV 82.5 MPH)
|
Batting: LHB Kevin Ferguson
|
0-0: Ball 1-0: Called Strike 1-1: Ball 2-1: Fly out, F8 (Flyball, 89D, EV 87.5 MPH) Runner from 2nd tags up, SAFE at 3rd, no throw by CF
|
Batting: RHB Dave Vargas
|
0-0: Swinging Strike 0-1: Ball 1-1: Ball 2-1: Ball 3-1: Base on Balls
|
Batting: RHB Marlon Reda
|
0-0: Ball Dave Vargas steals 2nd base 1-0: Called Strike 1-1: Ball 2-1: Foul Ball, location: 2F 2-2: Strikes out looking
|
Batting: RHB Matt Maxwell
|
0-0: Ball 1-0: Ball 2-0: Fly out, F6 (Popup, 4M, EV 76.2 MPH)
|
Top of the 3rd over - 0 runs, 0 hits, 1 error, 2 left on base; Kane County 1 - Atlanta (MID) 0 |
BOTTOM OF THE 3RD |
Atlanta (MID) Braves batting - Pitching for Kane County Cougars : RHP Nate Machado
|
Batting: RHB Johnny Burroughs
|
0-0: Fly out, F9 (Flyball, 9, EV 83.1 MPH)
|
Batting: RHB Andy Cunningham
|
0-0: Called Strike 0-1: Ground out 6-3 (Groundball, 6, EV 111.9 MPH)
|
Batting: RHB Bobby Light
|
0-0: Foul Ball, location: 2F 0-1: SINGLE (Groundball, 6D, EV 93.8 MPH)
|
Batting: SHB Richello Badua
|
0-0: Ball 1-0: Fly out, F7 (Flyball, 78M, EV 88.8 MPH)
|
Bottom of the 3rd over - 0 runs, 1 hit, 0 errors, 1 left on base; Kane County 1 - Atlanta (MID) 0 |
TOP OF THE 4TH |
Kane County Cougars batting - Pitching for Atlanta (MID) Braves : RHP Mokichi Furuta
|
Batting: RHB John Pena
|
0-0: Called Strike 0-1: Ball 1-1: Ball 2-1: SINGLE (Flyball, 7S, EV 94.4 MPH)
|
Batting: RHB Curt Barrett
|
0-0: Called Strike 0-1: Ball 1-1: SINGLE (Groundball, 4D, EV 103.8 MPH) John Pena to second
|
Batting: LHB Brian Nielsen
|
0-0: Called Strike 0-1: Ball 1-1: Fielders Choice at 2nd, 3-6 (Groundball, 3, EV 78.1 MPH) John Pena to third
|
Batting: RHB Franklin Villanueva
|
0-0: Called Strike 0-1: Ball Wild Pitch! John Pena scores Brian Nielsen to second 1-1: Ball 2-1: Ball 3-1: Called Strike 3-2: Base on Balls
|
Batting: LHB T.J. Duvall
|
0-0: Ball Wild Pitch! Brian Nielsen to third Franklin Villanueva to second 1-0: Called Strike 1-1: Fly out, F7 (Line Drive, 7, EV 101.9 MPH)
|
Batting: LHB Kevin Ferguson
|
0-0: Swinging Strike 0-1: Ball 1-1: Ball 2-1: DOUBLE (Line Drive, 7LM, EV 111.9 MPH) Brian Nielsen scores Franklin Villanueva scores
|
Batting: RHB Dave Vargas
|
0-0: Foul Ball, location: 2F 0-1: Ball Wild Pitch! Kevin Ferguson to third 1-1: Ball 2-1: SINGLE (Line Drive, 56, EV 94.4 MPH) Kevin Ferguson scores
|
Pitching: RHP Tom Lessor
|
|
Batting: RHB Marlon Reda
|
0-0: Called Strike Dave Vargas steals 2nd base (no throw) 0-1: Called Strike 0-2: Fly out, F8 (Line Drive, 8LM, EV 84.4 MPH)
|
Top of the 4th over - 4 runs, 4 hits, 0 errors, 1 left on base; Kane County 5 - Atlanta (MID) 0 |
BOTTOM OF THE 4TH |
Atlanta (MID) Braves batting - Pitching for Kane County Cougars : RHP Nate Machado
|
Batting: LHB Tommy Williams
|
0-0: Ball 1-0: Foul Ball, location: 2F 1-1: Ball 2-1: Foul Ball, location: 2F 2-2: Ball 3-2: Foul Ball, location: 2F 3-2: Ground out 5-3 (Groundball, 56, EV 80.0 MPH)
|
Batting: LHB Bobby Upton
|
0-0: Swinging Strike 0-1: Ground out 4-3 (Groundball, 4M, EV 104.4 MPH)
|
Batting: RHB Xavier Davis
|
0-0: Ground out 6-3 (Groundball, 6, EV 98.8 MPH)
|
Bottom of the 4th over - 0 runs, 0 hits, 0 errors, 0 left on base; Kane County 5 - Atlanta (MID) 0 |
TOP OF THE 5TH |
Kane County Cougars batting - Pitching for Atlanta (MID) Braves : RHP Tom Lessor
|
Batting: RHB Matt Maxwell
|
0-0: Called Strike 0-1: Ball 1-1: Foul Ball, location: 2F 1-2: Ball 2-2: Ball 3-2: Base on Balls
|
Batting: RHB John Pena
|
0-0: Swinging Strike 0-1: Ball 1-1: Called Strike 1-2: Foul Ball, location: 2F 1-2: Fielders Choice at 2nd, 6-4 (Groundball, 6S, EV 87.5 MPH)
|
Batting: RHB Curt Barrett
|
0-0: Ball 1-0: Swinging Strike 1-1: Ball 2-1: Called Strike 2-2: Strikes out swinging
|
Batting: LHB Brian Nielsen
|
0-0: Called Strike 0-1: Ground out 4-3 (Groundball, 4, EV 84.4 MPH)
|
Top of the 5th over - 0 runs, 0 hits, 0 errors, 1 left on base; Kane County 5 - Atlanta (MID) 0 |
BOTTOM OF THE 5TH |
Atlanta (MID) Braves batting - Pitching for Kane County Cougars : RHP Nate Machado
|
Batting: RHB Corey Dalton
|
0-0: Ball 1-0: Foul Ball, location: 2F 1-1: Ball 2-1: Ball 3-1: SINGLE (Groundball, 56D, EV 105.6 MPH)
|
Batting: RHB Mike Shook
|
0-0: Foul Ball, location: 2F 0-1: Ball 1-1: Swinging Strike 1-2: Strikes out looking
|
Batting: RHB Johnny Burroughs
|
0-0: Called Strike 0-1: Called Strike 0-2: Ball 1-2: Strikes out swinging
|
Batting: RHB Andy Cunningham
|
0-0: Foul Ball, location: 2F 0-1: Ball 1-1: SINGLE (Line Drive, 4D, EV 98.1 MPH) Corey Dalton to second
|
Batting: RHB Bobby Light
|
0-0: Called Strike 0-1: Ground out 6-3 (Groundball, 56, EV 101.9 MPH)
|
Bottom of the 5th over - 0 runs, 2 hits, 0 errors, 2 left on base; Kane County 5 - Atlanta (MID) 0 |
TOP OF THE 6TH |
Kane County Cougars batting - Pitching for Atlanta (MID) Braves : RHP Tom Lessor
|
Batting: RHB Franklin Villanueva
|
0-0: Swinging Strike 0-1: Ball 1-1: Foul Ball, location: 2F 1-2: Strikes out looking
|
Batting: LHB T.J. Duvall
|
0-0: Ball 1-0: Ball 2-0: Called Strike 2-1: Ball 3-1: Base on Balls
|
Batting: LHB Kevin Ferguson
|
0-0: Called Strike T.J. Duvall steals 2nd base 0-1: Ground out 1-3 (Groundball, P, EV 70.6 MPH) T.J. Duvall to third
|
Batting: RHB Dave Vargas
|
0-0: Ball 1-0: Fly out, F8 (Flyball, 8RD, EV 106.9 MPH)
|
Top of the 6th over - 0 runs, 0 hits, 0 errors, 1 left on base; Kane County 5 - Atlanta (MID) 0 |
BOTTOM OF THE 6TH |
Atlanta (MID) Braves batting - Pitching for Kane County Cougars : RHP Nate Machado
|
Batting: SHB Richello Badua
|
0-0: Called Strike 0-1: Called Strike 0-2: Ball 1-2: Ball 2-2: Foul Ball, location: 2F 2-2: Strikes out looking
|
Batting: LHB Tommy Williams
|
0-0: Swinging Strike 0-1: Swinging Strike 0-2: Ball 1-2: Ball 2-2: Ball 3-2: Foul Ball, location: 2F 3-2: SINGLE (Flyball, 8RS, EV 90.6 MPH)
|
Batting: LHB Bobby Upton
|
0-0: Called Strike 0-1: Swinging Strike 0-2: Strikes out swinging
|
Batting: RHB Xavier Davis
|
0-0: Ball 1-0: Ground out U3 (Groundball, 3S, EV 78.8 MPH)
|
Bottom of the 6th over - 0 runs, 1 hit, 0 errors, 1 left on base; Kane County 5 - Atlanta (MID) 0 |
TOP OF THE 7TH |
Kane County Cougars batting - Pitching for Atlanta (MID) Braves : RHP Tom Lessor
|
Batting: RHB Marlon Reda
|
0-0: Foul Ball, location: 2F 0-1: Ball 1-1: Ball 2-1: Ground out 3-1 (Groundball, 34S, EV 88.8 MPH)
|
Batting: RHB Matt Maxwell
|
0-0: Ball 1-0: Fly out, F8 (Flyball, 8RM, EV 95.0 MPH)
|
Batting: RHB John Pena
|
0-0: SINGLE (Groundball, 4M, EV 104.4 MPH)
|
Batting: RHB Curt Barrett
|
0-0: Ball 1-0: Ball 2-0: Ball 3-0: Called Strike 3-1: Base on Balls John Pena to second
|
Batting: LHB Brian Nielsen
|
0-0: Called Strike 0-1: Foul Ball, location: 2F 0-2: Ball 1-2: Foul Ball, location: 2F 1-2: Ball 2-2: Strikes out swinging
|
Top of the 7th over - 0 runs, 1 hit, 0 errors, 2 left on base; Kane County 5 - Atlanta (MID) 0 |
BOTTOM OF THE 7TH |
Atlanta (MID) Braves batting - Pitching for Kane County Cougars : RHP Nate Machado
|
Batting: RHB Corey Dalton
|
0-0: Ball 1-0: Called Strike 1-1: Ball 2-1: Swinging Strike 2-2: Ball 3-2: Foul Ball, location: 2F 3-2: Ground out 6-3 (Groundball, 6, EV 90.6 MPH)
|
Batting: RHB Mike Shook
|
0-0: Reached on error, E5 (Groundball, 56S, EV 86.9 MPH)
|
Batting: RHB Johnny Burroughs
|
0-0: Called Strike 0-1: Foul Ball, location: 2F 0-2: Ball 1-2: Grounds into double play, 5-4-3 (Groundball, 5, EV 90.0 MPH)
|
Bottom of the 7th over - 0 runs, 0 hits, 1 error, 0 left on base; Kane County 5 - Atlanta (MID) 0 |
TOP OF THE 8TH |
Kane County Cougars batting - Pitching for Atlanta (MID) Braves : RHP Tom Lessor
|
Batting: RHB Franklin Villanueva
|
0-0: Called Strike 0-1: Ball 1-1: DOUBLE (Groundball, 5L, EV 105.0 MPH)
|
Batting: LHB T.J. Duvall
|
0-0: Swinging Strike 0-1: Called Strike 0-2: Ball 1-2: Fly out, F7 (Flyball, 7, EV 80.0 MPH)
|
Pitching: RHP Todd Cox
|
|
Batting: LHB Kevin Ferguson
|
0-0: Ball 1-0: Ball 2-0: Swinging Strike 2-1: Foul Ball, location: 2F 2-2: Ground out 6-3 (Groundball, 6, EV 101.9 MPH)
|
Batting: RHB Dave Vargas
|
0-0: Ball 1-0: Ball 2-0: Fly out, F9 (Line Drive, 9, EV 92.5 MPH)
|
Top of the 8th over - 0 runs, 1 hit, 0 errors, 1 left on base; Kane County 5 - Atlanta (MID) 0 |
BOTTOM OF THE 8TH |
Atlanta (MID) Braves batting - Pitching for Kane County Cougars : RHP Nate Machado
|
Batting: RHB Andy Cunningham
|
0-0: Ball 1-0: Ball 2-0: Called Strike 2-1: Called Strike 2-2: Strikes out swinging
|
Pinch Hitting: LHB Travis Lazaro
|
0-0: Reached on error, E6 (Groundball, 6, EV 88.8 MPH)
|
Batting: SHB Richello Badua
|
0-0: Foul Ball, location: 2F 0-1: Foul Ball, location: 2F 0-2: Foul Ball, location: 2F 0-2: Ball 1-2: Fly out, F5 (Flyball, 5D, EV 93.1 MPH)
|
Batting: LHB Tommy Williams
|
0-0: Ball 1-0: Swinging Strike 1-1: DOUBLE (Line Drive, 5D, EV 103.8 MPH) Travis Lazaro to third
|
Batting: LHB Bobby Upton
|
0-0: Ball 1-0: Swinging Strike 1-1: Ground out 4-3 (Groundball, 4S, EV 68.8 MPH)
|
Bottom of the 8th over - 0 runs, 1 hit, 1 error, 2 left on base; Kane County 5 - Atlanta (MID) 0 |
TOP OF THE 9TH |
Kane County Cougars batting - Pitching for Atlanta (MID) Braves : RHP Todd Cox
|
Pitching: RHP Jeff Heaster
|
|
Now at 3B: Brandon McClain
|
|
Now at SS: Xavier Davis
|
|
Batting: RHB Marlon Reda
|
0-0: Ball 1-0: Ball 2-0: Called Strike 2-1: Swinging Strike 2-2: Strikes out looking
|
Batting: RHB Matt Maxwell
|
0-0: Called Strike 0-1: Ball 1-1: Called Strike 1-2: SOLO HOME RUN (Flyball, 7D, EV 93.8 MPH), Distance : 369 ft
|
Batting: RHB John Pena
|
0-0: Called Strike 0-1: Ground out U3 (Groundball, 34S, EV 78.8 MPH)
|
Batting: RHB Curt Barrett
|
0-0: Swinging Strike 0-1: Foul Ball, location: 2F 0-2: Strikes out swinging
|
Top of the 9th over - 1 run, 1 hit, 0 errors, 0 left on base; Kane County 6 - Atlanta (MID) 0 |
BOTTOM OF THE 9TH |
Atlanta (MID) Braves batting - Pitching for Kane County Cougars : RHP Nate Machado
|
Batting: RHB Xavier Davis
|
0-0: Called Strike 0-1: SINGLE (Groundball, 6D, EV 96.2 MPH)
|
Pitching: RHP Nate Bixler
|
|
Batting: RHB Corey Dalton
|
0-0: Ball 1-0: Fielders Choice at 2nd, 4-6 (Groundball, 4, EV 89.4 MPH)
|
Batting: RHB Mike Shook
|
0-0: Called Strike 0-1: Foul Ball, location: 2F 0-2: Foul Ball, location: 2F 0-2: Strikes out looking
|
Batting: RHB Johnny Burroughs
|
0-0: Ball 1-0: Fielders Choice at 2nd, 5-4 (Groundball, 56, EV 78.8 MPH)
|
Bottom of the 9th over - 0 runs, 1 hit, 0 errors, 1 left on base; Kane County 6 - Atlanta (MID) 0 |
|